 Dungeon Crawl Stone Soup version 0.30-a0-626-gd6a5dd7a1f (webtiles) character file.

Game seed: 2492909733635266477

224 bande the Covered (level 6, -1/38 HPs)
             Began as a Gargoyle Fighter on Jan 12, 2023.
             Killed by divine providence
             ... invoked by an orc priest
              (14 damage)
             ... on level 3 of the Dungeon.
             The game lasted 00:03:59 (1998 turns).

bande the Covered (Gargoyle Fighter)                Turns: 1998, Time: 00:03:59

Health: -1/38      AC: 15    Str: 20    XL:     6   Next: 0%
Magic:  6/6        EV:  7    Int:  8    God:
Gold:   95         SH:  4    Dex: 11    Spells: 5/5 levels left

rFire   . . .      SeeInvis .    a - +0 war axe
rCold   . . .      Faith    .    c - +0 buckler
rNeg    + . .      Spirit   .    k - +0 chain mail
rPois   ∞          Reflect  .    (no helmet)
rElec   +          Harm     .    (no cloak)
rCorr   .          Rampage  .    o - +0 pair of gloves
Will    .....                    (no boots) Stlth
                                 (no amulet)
HPRegen 0.26/turn                (no ring)
MPRegen 0.10/turn                (no ring)

@: no status effects
A: sickness immunity, AC +4, negative energy resistance 1, electricity
resistance, torment resistance 1, petrification resistance
a: no special abilities


You were on level 3 of the Dungeon.
You visited 1 branch of the dungeon, and saw 3 of its levels.

You collected 95 gold pieces.

Inventory:

Hand Weapons
 a - a +0 war axe (weapon)
 j - a +0 heavy flail
Armour
 c - a +0 buckler (worn)
 k - a +0 chain mail (worn)
 o - a +0 pair of gloves (worn)
Jewellery
 e - a ring of magical power
 n - a ring of fire
Scrolls
 b - a scroll of enchant armour {unknown}
 h - a scroll of teleportation {unknown}
 l - a scroll of magic mapping
 m - a scroll of enchant weapon {unknown}
Potions
 d - a potion of might
 f - a potion of mutation
 g - a potion of flight {unknown}
 i - 2 potions of curing {unknown}


   Skills:
 + Level 4.0 Fighting
 + Level 3.9 Axes
 + Level 4.6 Armour
 - Level 0.1 Dodging
 + Level 3.9 Shields


You had 5 spell levels left.
You didn't know any spells.
Your spell library contained the following spells:

 Spells                   Type           Power      Damage    Failure   Level
 Summon Forest            Summ/Tloc      0%         N/A       100%        5
 Eringya's Noxious Bog    Tmut/Pois      0%         N/A       100%        6
 Summon Hydra             Summ           0%         N/A       100%        7
 Borgnjor's Revivificati  Necr           0%         N/A       100%        8
 Necromutation            Tmut/Necr      0%         N/A       100%        8
 Death's Door             Necr           0%         N/A       100%        9


Dungeon Overview and Level Annotations

Branches:
Dungeon (3/15)

Altars:
Qazlal


Innate Abilities, Weirdness & Mutations

You are immune to sickness and miasma.
Your stone body is resilient. (AC +4)
You are immune to poison.
You resist negative energy. (rN+)
You are resistant to electric shocks. (rElec)
You are resistant to unholy torment.
You are immune to petrification.


Message History

The orc wizard is severely wounded.
The orc wizard hits you but does no damage. x2
An orc comes into view. It is wielding a +0 dagger.
The orc shouts!
You slash the orc wizard!
You kill the orc wizard!
You hit the orc.
The orc is moderately wounded.
The orc hits you but does no damage.
The orc priest invokes the aid of Beogh against you.
Beogh smites you!
Ouch! That really hurt!
You are too injured to fight recklessly!
You are too injured to fight recklessly!
You are too injured to fight recklessly!
You are too injured to fight recklessly!
You are too injured to fight recklessly!
You are too injured to fight recklessly!
You are too injured to fight recklessly!
You are too injured to fight recklessly!
You are too injured to fight recklessly!
You hit the orc.
The orc is heavily wounded.
The orc hits you but does no damage. x2
You hit the orc.
You kill the orc!
You slash the orc!
You kill the orc!
You have reached level 6!
Found 12 gold pieces.
You block the orc priest's attack.
Items here: ))) [[ †.
You slash the orc priest!
The orc priest is severely wounded.
The orc priest hits you but does no damage.
The orc priest hits you with a +0 mace.
You closely miss the orc priest.
The orc priest is severely wounded.
The orc priest invokes the aid of Beogh against you.
Beogh smites you!
You die...

#.# ##.## #.# #...#
#># #...# # ..#
#...#### ..
..#####...##.## ..
#.........#.## .##.
.........###.# .....
#[........#..###.>.#..
#####...##.#..@oo.....
#...#########..###
#...# .$. #...# #
##.##


You could see an orc priest and an orc.

Vanquished Creatures
  Jessica (D:2)
  Terence (D:2)
  Natasha (thrice) (D:2)
  An orc wizard (D:3)
  2 adders
  2 worms (D:2)
  A dart slug (D:1)
  2 orcs (D:3)
  3 endoplasms
  2 giant cockroaches
  5 goblins
  7 hobgoblins
  4 kobolds
  3 quokkas (D:2)
  6 ball pythons
  2 bats
  2 frilled lizards (D:1)
  5 rats
52 creatures vanquished.

Notes
Turn   | Place    | Note
-------+----------+-------------------------------------------
     0 | D:1      | bande the Gargoyle Fighter began the quest for the Orb.
     0 | D:1      | Reached XP level 1. HP: 14/14 MP: 1/1
   371 | D:1      | Reached XP level 2. HP: 17/19 MP: 2/2
   704 | D:1      | Found a faded altar of an unknown god.
   784 | D:2      | Noticed Terence
   793 | D:2      | Killed Terence
   794 | D:2      | Reached XP level 3. HP: 18/23 MP: 3/3
  1070 | D:2      | Reached XP level 4. HP: 28/28 MP: 4/4
  1089 | D:2      | Noticed Jessica
  1100 | D:2      | Killed Jessica
  1103 | D:2      | Noticed Natasha
  1109 | D:2      | Killed Natasha
  1143 | D:2      | Reached XP level 5. HP: 21/33 MP: 5/5
  1201 | D:2      | Found a stormy altar of Qazlal.
  1263 | D:2      | Noticed Natasha
  1272 | D:2      | Killed Natasha
  1326 | D:2      | Noticed Natasha
  1330 | D:2      | Killed Natasha
  1996 | D:3      | Reached XP level 6. HP: 15/38 MP: 6/6
  1998 | D:3      | Killed from afar by an orc priest

Illustrated notes

Levels and vault maps discovered:
D:1:      sevenhm_arrival_forest_fort_small_5, layout_basic,
          hellmonk_ecumenical_altar_leap_of_faith
D:2:      layout_basic, basic_altar, uniq_terence, uniq_jessica, uniq_natasha
D:3:      layout_loops_cross, serial_glass, glass_columns_b, glass_columns_b,
          hangedman_decor_diamond_cutter, minmay_increasing_density

Skill      XL: |  1  2  3  4  5 |
---------------+----------------+-----
Axes           | 2 3 |  3.9
Armour         | 4 |  4.6
Fighting       | 4 |  4.0
Dodging        | |  0.1
Shields        | |  3.9

Action                   |  1- 3 |  4- 6 || total
-------------------------+-------+-------++-------
Melee: War axe           |   109 |    82 ||   191
  Use: Scroll            |       |     5 ||     5
Armor: Scale mail        |    39 |       ||    39
       Chain mail        |    23 |    47 ||    70
Dodge: Dodged            |    51 |    22 ||    73
Block: Buckler           |    20 |    15 ||    35

Table legend: (Time is in decaauts)
 A = Elapsed time spent in this place.
 B = Non-inter-level travel time spent in this place.
 C = Inter-level travel time spent in this place.
 D = Time resting spent in this place.
 E = Time spent auto-exploring this place.
 F = Levels seen in this place.
 G = Mean time per level.
                   A        B        C        D        E       F      G
               +--------+--------+--------+--------+--------+-----+--------+
         Total |   2081 |   2060 |     21 |    224 |   1116 |   3 |  693.7 |
       Dungeon |   2081 |   2060 |     21 |    224 |   1116 |   3 |  693.7 |
               +--------+--------+--------+--------+--------+-----+--------+

Top non-repeatable levels by time:
     D:2: 976 daAuts
     D:1: 806 daAuts
     D:3: 299 daAuts
